[Event "Titled Tuesday Blitz April 12 Early 2022"]
[White "Esipenko, Andrey"]
[Black "Matlakov, Maxim"]
[WhiteFideId "24175439"]
[BlackFideId "4168003"]
[WhiteElo "2617"]
[BlackElo "2669"]
[Result "0-1"]
[Round "06"]
[TimeControl "180+1"]
[Date "2022.04.12"]
[WhiteClock "0:00:02"]
[BlackClock "0:00:27"]

1. d4 Nf6 2. c4 e6 3. Nf3 d5 4. Nc3 Bb4 5. cxd5 exd5 6. Bg5 h6 7. Bh4 Bf5 8. e3 O-O 9. Be2 Nbd7 10. Qb3 Qe7 11. a3 Bxc3+ 12. Qxc3 Qe6 13. O-O Ne4 14. Qxc7 Rfc8 15. Qxb7 Rab8 16. Qxa7 Rxb2 17. Rfe1 g5 18. Bg3 Nxg3 19. hxg3 Rcc2 20. Qa6 Rxe2 21. Rxe2 Qxa6 22. Rxb2 Nb6 23. a4 Nc4 24. Rb8+ Kg7 25. a5 Be4 26. Ne5 Nxe5 27. dxe5 g4 28. Rb6 Qa7 29. Rb4 Qe7 30. Rd4 Qa7 31. a6 h5 32. Rb4 d4 33. Rxd4 Ba8 34. Rd8 Bc6 35. Rd6 Ba8 36. Rd8 Kg6 37. Rad1 Kf5 38. R1d7 Qxa6 39. Rxf7+ Kxe5 40. Re8+ Kd5 41. Rf5+ Kc4 42. Rd8 Qc6 43. Rxa8 Qxa8 44. Rxh5 Kd3 45. Rb5 Qa1+ 46. Kh2 Ke2 0-1


[Site "https://www.chess.com"]

[Event "Titled Tuesday Blitz April 12 Early 2022"]
[White "Estrada Nieto, Julian"]
[Black "Liyanage, Ranindu Dilshan"]
[WhiteFideId "5101018"]
[BlackFideId "9915834"]
[WhiteElo "2252"]
[BlackElo "1858"]
[Result "0-1"]
[Round "06"]
[TimeControl "180+1"]
[Date "2022.04.13"]
[WhiteClock "0:00:08"]
[BlackClock "0:00:28"]

1. e4 e6 2. d4 d5 3. Nd2 c5 4. exd5 Qxd5 5. Ngf3 cxd4 6. Bc4 Qd6 7. O-O Nf6 8. Nb3 Nc6 9. Nbxd4 Nxd4 10. Nxd4 Be7 11. Bb3 O-O 12. c3 e5 13. Nc2 Qc7 14. Bg5 Bf5 15. Ne3 Rad8 16. Qf3 Bd3 17. Rfd1 e4 18. Qg3 Bd6 19. Qh4 Be5 20. Ng4 Nxg4 21. Bxd8 Bxh2+ 22. Kh1 Rxd8 23. Qxg4 Rd6 24. g3 Rg6 25. Qf4 Qxf4 26. gxf4 Bxf4 27. Bc4 Rd6 28. Bxd3 exd3 29. Kg2 f5 30. Kf3 Bh6 31. c4 g5 32. c5 g4+ 33. Kg3 Rd4 34. Kh4 d2 35. Kh5 Kg7 36. b3 Rd3 37. Rh1 Rc3 38. Rad1 Rxc5 39. f4 Bxf4 40. Rhf1 Be3 41. Kh4 Rc1 42. Kg3 Kg6 43. Kg2 f4 44. Rh1 h5 45. Rhf1 h4 46. Rh1 h3+ 47. Kh2 f3 48. Kg3 Kg5 49. Rhf1 Bf4+ 50. Kf2 g3+ 51. Kxf3 g2 52. Rg1 Be3 53. Kxe3 Rxd1 54. Rxd1 h2 55. Rxd2 g1=Q+ 56. Ke4 h1=Q+ 0-1


[Site "https://www.chess.com"]

[Event "Titled Tuesday Blitz April 12 Early 2022"]
[White "Fathy, Elameir"]
[Black "Vlassov, Nikolai"]
[WhiteFideId "10600396"]
[BlackFideId "4103360"]
[WhiteElo "2311"]
[BlackElo "2407"]
[Result "0-1"]
[Round "06"]
[TimeControl "180+1"]
[Date "2022.04.13"]
[WhiteClock "0:00:05"]
[BlackClock "0:00:15"]

1. d4 Nf6 2. c4 Nc6 3. Nf3 e6 4. g3 Bb4+ 5. Bd2 a5 6. Bg2 d6 7. O-O e5 8. Be3 Ng4 9. a3 exd4 10. Bxd4 Nxd4 11. Qxd4 Bc5 12. Qxg7 Qf6 13. Qxf6 Nxf6 14. b3 O-O 15. Nc3 Re8 16. e3 Bf5 17. Nd4 Bxd4 18. exd4 Bc2 19. Bxb7 Rab8 20. Bc6 Re7 21. Ba4 Rb6 22. c5 dxc5 23. dxc5 Rbe6 24. b4 Bxa4 25. Nxa4 axb4 26. axb4 Re4 27. Rab1 Nd5 28. Rfd1 Nxb4 29. Nc3 Rc4 30. Rxb4 Rxc3 31. Rg4+ Kf8 32. Rd8+ Re8 33. Rg8+ Kxg8 34. Rxe8+ Kg7 35. Re5 Kf6 36. f4 Rc2 37. Rh5 Kg6 38. Re5 f6 39. Rd5 c6 40. f5+ Kg5 41. Rd7 h5 42. Rg7+ Kxf5 43. Rh7 Kg6 44. Rh8 Rxc5 45. Kg2 Rc2+ 46. Kh3 c5 47. Rg8+ Kh7 48. Rc8 c4 49. Rc5 Kg6 50. Rc6 c3 51. Rc8 Rc1 52. Kg2 Kf5 53. Rc5+ Ke4 54. Rxh5 Rd1 55. Rc5 Rd2+ 56. Kg1 c2 57. h4 Rd1+ 58. Kg2 c1=Q 59. Rxc1 Rxc1 60. Kh3 Kf3 61. Kh2 Rc2+ 62. Kh3 Rg2 0-1


[Site "https://www.chess.com"]

[Event "Titled Tuesday Blitz April 12 Early 2022"]
[White "Ferreira, Vitor Hugo Vieira"]
[Black "Martinovici, Ilia"]
[WhiteFideId "2119765"]
[BlackFideId "13907034"]
[WhiteElo "2165"]
[BlackElo "2282"]
[Result "1-0"]
[Round "06"]
[TimeControl "180+1"]
[Date "2022.04.13"]
[WhiteClock "0:01:01"]
[BlackClock "0:00:04"]

1. d4 Nf6 2. c4 e6 3. Nf3 Bb4+ 4. Nbd2 d5 5. Qa4+ Nc6 6. a3 Bxd2+ 7. Bxd2 O-O 8. e3 Bd7 9. Qc2 Re8 10. Bd3 h6 11. O-O e5 12. cxd5 Nxd5 13. e4 Nf4 14. Bxf4 exf4 15. h3 g5 16. d5 Ne5 17. Nxe5 Rxe5 18. Qc3 f6 19. Rac1 Rc8 20. d6 cxd6 21. Qb3+ Be6 22. Qxb7 f3 23. Rxc8 Bxc8 24. Bc4+ Kh8 25. Qf7 fxg2 26. Rd1 d5 27. Rxd5 Rxd5 28. Bxd5 Bxh3 29. Kh2 Bg4 30. Kxg2 h5 31. f3 Bc8 32. Qxh5+ Kg7 33. Qf7+ Kh6 34. Qxa7 g4 35. fxg4 Bxg4 36. Qe3+ Kg6 37. Qg3 Kh5 38. Bf7+ Kg5 39. Qe3+ Kh4 40. Qh6+ 1-0


[Site "https://www.chess.com"]

[Event "Titled Tuesday Blitz April 12 Early 2022"]
[White "Gaehwiler, Gabriel"]
[Black "Karas, Marek"]
[WhiteFideId "1314530"]
[BlackFideId "14928558"]
[WhiteElo "2383"]
[BlackElo "2271"]
[Result "1-0"]
[Round "06"]
[TimeControl "180+1"]
[Date "2022.04.13"]
[WhiteClock "0:02:42"]
[BlackClock "0:00:11"]

1. Nf3 d5 2. g3 Nf6 3. Bg2 c6 4. O-O Bg4 5. c4 e6 6. Qb3 Qb6 7. d4 Bxf3 8. Bxf3 Nbd7 9. Nc3 Be7 10. Bf4 O-O 11. c5 Qxb3 12. axb3 a6 13. b4 Rfe8 14. Rfd1 Bf8 15. Kg2 e5 16. dxe5 Nxe5 17. Bxe5 Rxe5 18. e3 Rd8 19. Rd2 g6 20. Ne2 Bg7 21. Nd4 Ne4 22. Rc2 Ng5 23. Nb3 Re7 24. Na5 Ne6 25. Rd1 Red7 26. Rcd2 h5 27. h4 Rb8 28. Be2 Bf6 29. Bf3 Kg7 30. Kf1 Bd8 31. Nb3 Bf6 32. Rc2 Be5 33. Be2 Bf6 34. Bd3 Rbd8 35. Ke2 Rb8 36. Kd2 Rbd8 37. Rdc1 Rb8 38. Rg1 Rbd8 39. Kc1 Rb8 40. Kb1 Rbd8 41. Ka2 Rb8 42. Ka3 Rbd8 43. Ka4 Rb8 44. Ka5 Bd8+ 45. Ka4 Bf6 46. Na5 Bd8 47. Ra1 Bf6 48. Re2 Bd8 49. Kb3 Bxa5 50. Rxa5 d4 51. e4 Nc7 52. Kc2 Nb5 53. Ra1 Re8 54. Rae1 Rde7 55. Kd2 Rc7 56. Bc4 Rce7 57. Kd3 Rd8 58. f4 f6 59. Rg1 Kh6 60. Reg2 f5 61. e5 Rdd7 62. Ra1 Nc7 63. Re2 Ne6 64. Rc1 Kg7 65. Bb3 Nc7 66. Rc4 Nb5 67. Ba4 Nc7 68. Re1 Ne6 69. Bb3 Rd8 70. Rcc1 Nc7 71. Bc4 Red7 72. Rcd1 Re7 73. Rd2 Ne6 74. Red1 Nc7 75. Kc2 Red7 76. Rd3 Kf8 77. Kb3 Ke7 78. Ka4 Ne6 79. Ba2 Kf7 80. R1d2 Ke7 81. Ka5 Kf7 82. Kb6 Ke7 83. Ka5 Kf7 84. Bc4 Ke7 85. Ka4 Kf7 86. Kb3 Ke7 87. Kc2 Kf7 88. Ba2 Ke7 89. Kb3 Kf7 90. Kc4 Ke7 91. Rd1 Kf7 92. Ra3 Ke7 93. Bb1 Nc7 94. Rad3 Ne6 95. Rb3 Kf7 96. Kd3 Ke7 97. Ra3 Kf7 98. Ba2 Ke7 99. Bc4 Kf7 100. Bxe6+ Kxe6 101. Kc4 d3 102. Raxd3 Rxd3 103. Rxd3 Rxd3 104. Kxd3 Kd5 105. Kc3 a5 106. bxa5 Kxc5 107. b4+ Kd5 108. Kd3 1-0


[Site "https://www.chess.com"]

[Event "Titled Tuesday Blitz April 12 Early 2022"]
[White "Gallegos Diaz, Carlos Alberto"]
[Black "Vusatiuk, Vladimir"]
[WhiteFideId "3900886"]
[BlackFideId "14118610"]
[WhiteElo "2362"]
[BlackElo "2157"]
[Result "1-0"]
[Round "06"]
[TimeControl "180+1"]
[Date "2022.04.13"]
[WhiteClock "0:00:12"]
[BlackClock "0:00:01"]

1. e4 c5 2. Nf3 Nc6 3. Bb5 g6 4. O-O Bg7 5. Bxc6 bxc6 6. d3 d6 7. h3 e5 8. c3 Qb6 9. Nbd2 Ne7 10. Nc4 Qc7 11. d4 Ba6 12. b3 Bxc4 13. bxc4 exd4 14. cxd4 cxd4 15. Nxd4 O-O 16. Rb1 Qa5 17. Bg5 Qxg5 18. Rb7 Rfe8 19. Nf3 Qf4 20. Re1 c5 21. Qa4 Be5 22. Rxa7 Rxa7 23. Qxa7 Kf8 24. Qb7 Bd4 25. a4 Ng8 26. a5 Qf6 27. a6 Qe7 28. Qc6 Qa7 29. Qxd6+ Ne7 30. Nxd4 cxd4 31. c5 Ra8 32. Qxd4 Kg8 33. Qd6 Nc8 34. Qd8+ Kg7 35. Qd4+ Kg8 36. Qd8+ Kg7 37. Qd4+ f6 38. e5 fxe5 39. Rxe5 Kh6 40. Qe3+ Kg7 41. Qd4 Kh6 42. Qd2+ Kg7 43. Rd5 Qxa6 44. Rd7+ Kf8 45. Qf4+ 1-0


[Site "https://www.chess.com"]

[Event "Titled Tuesday Blitz April 12 Early 2022"]
[White "Garv Gaur"]
[Black "Csonka, Balazs"]
[WhiteFideId "45030839"]
[BlackFideId "742910"]
[WhiteElo "1950"]
[BlackElo "2404"]
[Result "1-0"]
[Round "06"]
[TimeControl "180+1"]
[Date "2022.04.13"]
[WhiteClock "0:00:15"]
[BlackClock "0:00:02"]

1. d4 e6 2. Nf3 d5 3. c4 Nf6 4. g3 Bb4+ 5. Bd2 Be7 6. Bg2 O-O 7. O-O Nbd7 8. Qc2 Ne4 9. Nc3 Nxd2 10. Nxd2 c6 11. e4 dxc4 12. Nxc4 Nb6 13. Nxb6 Qxb6 14. Rfd1 Rd8 15. Na4 Qa5 16. Nc5 e5 17. b4 Qc7 18. dxe5 Qxe5 19. Rxd8+ Bxd8 20. Rd1 Bb6 21. Nd3 Qe7 22. Nc5 Bg4 23. Rd2 a5 24. h3 Be6 25. Nxe6 Qxe6 26. bxa5 Bxa5 27. Rd4 g6 28. Kh2 Bb6 29. Ra4 Rxa4 30. Qxa4 Bxf2 31. Qa8+ Kg7 32. Qxb7 Qe5 33. Qb3 c5 34. Qf3 Bd4 35. Bf1 Qe6 36. Qe2 Qf6 37. Kg2 c4 38. Qf3 Qe6 39. h4 c3 40. Bd3 Qxa2+ 41. Kh3 c2 42. Qe2 c1=Q 43. Qxa2 Qh1+ 44. Qh2 Qf3 45. Qe2 1-0


[Site "https://www.chess.com"]

[Event "Titled Tuesday Blitz April 12 Early 2022"]
[White "Golubeva, Oksana"]
[Black "Roman, Rodrigo"]
[WhiteFideId "4170164"]
[BlackFideId "3701220"]
[WhiteElo "2162"]
[BlackElo "2001"]
[Result "1-0"]
[Round "06"]
[TimeControl "180+1"]
[Date "2022.04.13"]
[WhiteClock "0:00:15"]
[BlackClock "0:00:19"]

1. Nf3 d5 2. e3 Nf6 3. c4 c6 4. Nc3 e6 5. Qc2 Be7 6. g4 h6 7. Rg1 Nbd7 8. b3 b6 9. cxd5 cxd5 10. Nb5 Nc5 11. b4 Na6 12. a3 Bb7 13. Bb2 Qc8 14. Qb3 Qd7 15. Ne5 Qd8 16. h4 Nc7 17. Nd4 Qd6 18. Qa4+ Nd7 19. Nxd7 Qxd7 20. Qxd7+ Kxd7 21. h5 Bf6 22. Rc1 Rac8 23. Bd3 a6 24. Ke2 Ne8 25. Rxc8 Kxc8 26. Rc1+ Kd7 27. f4 Nd6 28. Rg1 e5 29. Bf5+ Nxf5 30. Nxf5 g6 31. fxe5 gxf5 32. exf6 Rg8 33. g5 hxg5 34. Bd4 Ke6 35. Rc1 Rh8 36. Rc7 Bc8 37. Re7+ Kd6 38. Rxf7 Be6 39. Rb7 Rxh5 40. Rxb6+ Kc7 41. Rxa6 Rh2+ 42. Kd3 Bc8 43. Ra7+ Kd8 44. f7 f4 45. f8=Q# 1-0


[Site "https://www.chess.com"]

[Event "Titled Tuesday Blitz April 12 Early 2022"]
[White "Grandelius, Nils"]
[Black "Kosakowski, Jakub"]
[WhiteFideId "1710400"]
[BlackFideId "1185080"]
[WhiteElo "2617"]
[BlackElo "2454"]
[Result "1-0"]
[Round "06"]
[TimeControl "180+1"]
[Date "2022.04.12"]
[WhiteClock "0:00:16"]
[BlackClock "0:00:45"]

1. d4 Nf6 2. Nf3 g6 3. g3 Bg7 4. Bg2 O-O 5. O-O d6 6. Re1 c5 7. dxc5 dxc5 8. Qxd8 Rxd8 9. c3 Nc6 10. Be3 Nd7 11. Ng5 Nce5 12. Na3 Ng4 13. Bf4 Nb6 14. Red1 Rxd1+ 15. Rxd1 e5 16. Rd8+ Bf8 17. Bc1 Kg7 18. h3 Nf6 19. Rd1 Rb8 20. Nb5 Be6 21. Nxe6+ fxe6 22. Nxa7 Ra8 23. Nb5 Rxa2 24. Bxb7 Nc4 25. Nc7 Kf7 26. Bc8 Nxb2 27. Bxe6+ Ke7 28. Bxa2 Nxd1 29. Bd2 Ne4 30. Nd5+ Kd6 31. Be1 Nb2 32. f3 Ng5 33. h4 Ne6 34. Nf6 c4 35. Nxh7 Be7 36. Bd2 Kd5 37. Bc1 Nd1 38. e4+ Kc6 39. Bxc4 Nxc3 40. Bb2 Nd1 41. Bxe5 Bc5+ 42. Kh2 Nd4 43. Bd5+ Kb6 44. Bxd4 Bxd4 45. Nf8 Ne3 46. Nxg6 1-0


[Site "https://www.chess.com"]

[Event "Titled Tuesday Blitz April 12 Early 2022"]
[White "Gu, Xiaobing"]
[Black "Araujo Filho, Luiz Antonio Coel"]
[WhiteFideId "8602611"]
[BlackFideId "2130661"]
[WhiteElo "2174"]
[BlackElo "2306"]
[Result "0-1"]
[Round "06"]
[TimeControl "180+1"]
[Date "2022.04.13"]
[WhiteClock "0:00:21"]
[BlackClock "0:01:13"]

1. e4 c6 2. d4 d5 3. exd5 cxd5 4. c4 Nf6 5. Nc3 Nc6 6. cxd5 Nxd5 7. Bc4 e6 8. Nf3 Be7 9. O-O O-O 10. a3 a6 11. Qe2 b5 12. Bb3 Bb7 13. Ne4 Nf6 14. Nc5 Nxd4 15. Nxd4 Bxc5 16. Nf3 Qb6 17. Bg5 Nd5 18. Bc2 Rac8 19. Qd3 g6 20. Ne5 Qc7 21. Ng4 f5 22. Nh6+ Kg7 23. Rac1 e5 24. Bb3 Nf4 25. Qc3 Ne2+ 0-1


[Site "https://www.chess.com"]

[Event "Titled Tuesday Blitz April 12 Early 2022"]
[White "Hansen, Eric"]
[Black "Janaszak, Dawid"]
[WhiteFideId "2606771"]
[BlackFideId "1119206"]
[WhiteElo "2568"]
[BlackElo "2199"]
[Result "0-1"]
[Round "06"]
[TimeControl "180+1"]
[Date "2022.04.13"]
[WhiteClock "0:00:01"]
[BlackClock "0:00:19"]

1. e4 c5 2. Nf3 Nc6 3. Bb5 g6 4. O-O Bg7 5. Bxc6 bxc6 6. h3 e5 7. c3 d6 8. d4 cxd4 9. cxd4 exd4 10. Nxd4 Nf6 11. Nc3 Qc7 12. Bf4 O-O 13. Qd2 Rd8 14. Rac1 Qb6 15. Rfe1 Bb7 16. Bg5 h6 17. Be3 c5 18. Nb3 Kh7 19. f3 a5 20. Qc2 a4 21. Nd2 Qa6 22. Rcd1 Nd7 23. Ndb1 Ne5 24. Na3 Nc4 25. Nxc4 Qxc4 26. Rc1 Bc6 27. Red1 Qe6 28. Nd5 Rab8 29. Rb1 f5 30. Bf2 fxe4 31. fxe4 Be5 32. b4 axb3 33. Rxb3 Ba4 34. Be3 Bxb3 35. axb3 Rf8 36. Qd3 Qf7 37. Qc4 Qb7 38. Rb1 Qb5 39. Qc2 c4 40. b4 c3 41. Ra1 Ra8 42. Rb1 Qc4 43. Nb6 Qa2 44. Qd3 c2 45. Rc1 Ra3 46. Qe2 Qb2 47. Nd5 Ra1 48. Qd2 Rxc1+ 49. Qxc1 Qxc1+ 50. Bxc1 Ra8 51. Kf2 Ra1 52. Bd2 c1=Q 53. Bxc1 Rxc1 54. g4 Rc2+ 55. Ke1 Rb2 56. Kd1 Kg7 57. Kc1 Rh2 58. b5 Bd4 0-1


[Site "https://www.chess.com"]

[Event "Titled Tuesday Blitz April 12 Early 2022"]
[White "Dronavalli, Harika"]
[Black "Calin, Alexandru"]
[WhiteFideId "5015197"]
[BlackFideId "1222961"]
[WhiteElo "2382"]
[BlackElo "2020"]
[Result "1/2-1/2"]
[Round "06"]
[TimeControl "180+1"]
[Date "2022.04.13"]
[WhiteClock "0:00:54"]
[BlackClock "0:00:12"]

1. d4 d6 2. Nf3 Bg4 3. c4 Bxf3 4. exf3 g6 5. Nc3 Bg7 6. Be3 Nf6 7. Qd2 O-O 8. Bd3 e6 9. h4 h5 10. O-O-O c6 11. Rdg1 d5 12. c5 Nbd7 13. g4 e5 14. gxh5 Nxh5 15. Bxg6 fxg6 16. Rxg6 Rf7 17. Rg5 Nf4 18. Rhg1 Qe7 19. h5 Kh8 20. dxe5 Bxe5 21. Qc2 Raf8 22. Kb1 Qf6 23. Bxf4 Bxf4 24. Rg6 Qf5 25. Ne2 Qxc2+ 26. Kxc2 Ne5 27. Nxf4 Nxg6 28. Nxg6+ Kh7 29. Nxf8+ Rxf8 30. Re1 Rxf3 31. Re7+ Kh6 32. Rxb7 Rxf2+ 33. Kc1 Rf1+ 34. Kd2 Rf2+ 35. Ke3 Rc2 36. b4 Rxa2 37. Rc7 Ra4 38. Rxc6+ Kxh5 39. b5 Kg5 40. Rd6 Kf5 41. Rxd5+ Ke6 42. Rd6+ Ke7 43. Ra6 Rxa6 44. bxa6 Kd7 45. Kd4 Kc6 46. Kc4 Kc7 47. Kd5 Kd7 48. c6+ Kc7 49. Kc5 Kc8 50. Kb5 Kc7 51. Kc5 Kc8 52. Kc4 Kc7 53. Kd5 Kc8 54. Kd6 Kd8 55. c7+ Kc8 56. Kc6 1/2-1/2


[Site "https://www.chess.com"]

[Event "Titled Tuesday Blitz April 12 Early 2022"]
[White "Harshavardhan G B"]
[Black "Zlatin, Alexander"]
[WhiteFideId "25059009"]
[BlackFideId "2810549"]
[WhiteElo "1831"]
[BlackElo "2228"]
[Result "1-0"]
[Round "06"]
[TimeControl "180+1"]
[Date "2022.04.13"]
[WhiteClock "0:01:56"]
[BlackClock "0:00:52"]

1. d4 d5 2. c4 e6 3. g3 c5 4. cxd5 exd5 5. Bg2 Nf6 6. Nc3 Nc6 7. Nf3 Be7 8. O-O c4 9. Ne5 O-O 10. Bg5 Be6 11. f4 h6 12. Bxf6 Bxf6 13. f5 Bc8 14. Nxd5 Nxe5 15. dxe5 Bxe5 16. Rc1 Bd7 17. Rxc4 Bc6 18. b3 Qg5 19. Qc1 Rad8 20. Qxg5 hxg5 21. Ne7+ Kh7 22. Bxc6 bxc6 23. Nxc6 Rd5 24. e4 Rb5 25. a4 Rxb3 26. Nxe5 Rd8 27. Nxf7 Rd2 28. Nxg5+ Kh6 29. Nf7+ Kh7 30. Rc8 g6 31. f6 g5 32. Rh8+ Kg6 33. Ne5# 1-0


[Site "https://www.chess.com"]

[Event "Titled Tuesday Blitz April 12 Early 2022"]
[White "Hess, Robert"]
[Black "Ibadov, Dashgyn"]
[WhiteFideId "2022036"]
[BlackFideId "24107514"]
[WhiteElo "2557"]
[BlackElo "2138"]
[Result "1-0"]
[Round "06"]
[TimeControl "180+1"]
[Date "2022.04.13"]
[WhiteClock "0:00:11"]
[BlackClock "0:00:06"]

1. b3 e5 2. Bb2 Nc6 3. d3 Nf6 4. Nd2 d5 5. e3 Be7 6. h3 Be6 7. a3 O-O 8. Ne2 Nd7 9. g4 f5 10. gxf5 Rxf5 11. Ng3 Rf8 12. Qe2 a5 13. h4 a4 14. b4 b5 15. Bh3 Bxh3 16. Rxh3 Bd6 17. e4 Ne7 18. Nf3 d4 19. Ng5 Rf6 20. Nf5 Nxf5 21. exf5 Nf8 22. Qe4 h6 23. Qd5+ Kh8 24. Nf7+ Kh7 25. Nxd8 Rxd8 26. O-O-O Kh8 27. Qxb5 Rxf5 28. Qxa4 Rxf2 29. Qb3 Ng6 30. Rhh1 Nf4 31. Rhf1 Rh2 32. Rxf4 exf4 33. Bxd4 f3 34. Qc3 Rg2 35. Rf1 Rf8 36. a4 f2 37. a5 Rg1 38. Rxg1 f1=Q+ 39. Rxf1 Rxf1+ 40. Kb2 1-0


[Site "https://www.chess.com"]

[Event "Titled Tuesday Blitz April 12 Early 2022"]
[White "Horcajuelo Rocamora, Martin"]
[Black "Lagumina, Giulio"]
[WhiteFideId "24573027"]
[BlackFideId "800619"]
[WhiteElo "1822"]
[BlackElo "2277"]
[Result "0-1"]
[Round "06"]
[TimeControl "180+1"]
[Date "2022.04.13"]
[WhiteClock "0:01:27"]
[BlackClock "0:00:58"]

1. e4 e5 2. Nf3 d6 3. Nc3 Nf6 4. Bc4 Be7 5. d3 O-O 6. O-O c6 7. Ne2 Bg4 8. Ng3 g6 9. h3 Bxf3 10. Qxf3 Nfd7 11. Bb3 Bg5 12. c3 Na6 13. Bc2 Bxc1 14. Raxc1 Nac5 15. d4 Ne6 16. Rcd1 Qe7 17. Ne2 Rae8 18. Qe3 Nf6 19. f3 Nh5 20. Bb3 Nef4 21. Nxf4 Nxf4 22. dxe5 Qg5 23. Qd2 dxe5 24. Kh2 Rd8 25. Qf2 b6 26. g3 Nd3 27. Qe2 Nc5 28. Bc2 Rxd1 29. Rxd1 Rd8 30. h4 Qe7 31. b4 Ne6 32. Bb3 Rxd1 33. Qxd1 h5 34. a4 Kg7 35. Qd2 c5 36. a5 cxb4 37. cxb4 Nd4 38. Qc3 bxa5 39. bxa5 Qa3 40. f4 Qxb3 41. Qc5 Qc2+ 42. Kh3 Qxc5 0-1


[Site "https://www.chess.com"]

[Event "Titled Tuesday Blitz April 12 Early 2022"]
[White "Hua, Lefong"]
[Black "Jaskolka, Tomasz"]
[WhiteFideId "2602253"]
[BlackFideId "1170791"]
[WhiteElo "2581"]
[BlackElo "2073"]
[Result "0-1"]
[Round "06"]
[TimeControl "180+1"]
[Date "2022.04.13"]
[WhiteClock "0:01:32"]
[BlackClock "0:00:53"]

1. d4 d5 2. c4 e6 3. Nc3 Nf6 4. cxd5 exd5 5. Bg5 Be7 6. e3 c6 7. Bd3 O-O 8. Qc2 h6 9. Bh4 Re8 10. Nge2 Nbd7 11. O-O Nf8 12. f3 Ne6 13. Bf2 b6 14. Rad1 Bb7 15. h3 Rc8 16. Qb1 Bd6 17. e4 dxe4 18. fxe4 Bb8 19. e5 Nd5 20. Nxd5 Qxd5 21. Be4 Qd7 22. Be3 Ba6 23. Rf2 Bxe2 24. Rxe2 Rcd8 25. Ree1 c5 26. d5 Nd4 27. Bxd4 cxd4 28. e6 fxe6 29. Rxd4 Qd6 30. Bf3 Qh2+ 31. Kf1 Bg3 32. d6 Bxe1 33. Qxe1 Rxd6 34. Qd2 Red8 35. Rxd6 Qxd6 36. Qe3 Qd3+ 37. Qxd3 Rxd3 38. Ke2 Rd6 39. Ke3 Kf7 40. Be2 Kf6 41. Ke4 Rd2 0-1


[Site "https://www.chess.com"]

[Event "Titled Tuesday Blitz April 12 Early 2022"]
[White "Indjic, Aleksandar"]
[Black "Papp, Levente"]
[WhiteFideId "911925"]
[BlackFideId "751243"]
[WhiteElo "2616"]
[BlackElo "2308"]
[Result "1-0"]
[Round "06"]
[TimeControl "180+1"]
[Date "2022.04.12"]
[WhiteClock "0:00:39"]
[BlackClock "0:00:07"]

1. e4 e6 2. d4 d5 3. e5 c5 4. c3 Nc6 5. Nf3 Qb6 6. Be2 Bd7 7. O-O cxd4 8. cxd4 Nge7 9. Nc3 Nf5 10. Na4 Qd8 11. Bg5 Be7 12. Bxe7 Qxe7 13. Rc1 O-O 14. Nc5 Bc8 15. Bb5 Nb8 16. g3 b6 17. Nd3 Bd7 18. Qa4 Bxb5 19. Qxb5 Qd7 20. Qxd7 Nxd7 21. Rc7 Rfd8 22. Rfc1 a5 23. Rb7 Rab8 24. Rcc7 Rxb7 25. Rxb7 Ne7 26. a3 Kf8 27. Nc1 Ke8 28. Ne2 Rb8 29. Ra7 h6 30. Nc3 Nc8 31. Rc7 Kd8 32. Nb5 a4 33. Nd2 Ra8 34. Nb1 Ra5 35. N1c3 f6 36. f4 fxe5 37. fxe5 g5 38. Kf2 Ra8 39. Kf3 Ne7 40. Kg4 Nf5 41. Kh5 Rc8 42. Rxc8+ Kxc8 43. g4 Nh4 44. Kxh6 Nf3 45. h3 Kd8 46. Nxa4 Ke7 47. Nac3 Nb8 48. Ne2 Nc6 49. b4 Kf7 50. Nd6+ Ke7 51. Nc8+ Kf7 52. Nxb6 Ncxd4 53. Nxd4 Nxd4 54. Kxg5 Ne2 55. a4 d4 56. Nc4 d3 57. a5 Nd4 58. a6 Nf3+ 59. Kf4 d2 60. Nxd2 Nxd2 61. a7 1-0


[Site "https://www.chess.com"]

[Event "Titled Tuesday Blitz April 12 Early 2022"]
[White "Iskusnyh, Sergei"]
[Black "Mika, Tomasz"]
[WhiteFideId "4120027"]
[BlackFideId "1132970"]
[WhiteElo "2492"]
[BlackElo "2116"]
[Result "0-1"]
[Round "06"]
[TimeControl "180+1"]
[Date "2022.04.13"]
[WhiteClock "0:00:06"]
[BlackClock "0:00:06"]

1. d4 d5 2. c4 e6 3. Nf3 c5 4. cxd5 exd5 5. g3 Nc6 6. Bg2 Nf6 7. O-O Be7 8. dxc5 Bxc5 9. a3 O-O 10. b4 Bb6 11. Nc3 h6 12. Bb2 Be6 13. Rc1 Qd7 14. Na4 Ne4 15. Nxb6 axb6 16. Nd4 Bh3 17. Bxh3 Qxh3 18. Nxc6 bxc6 19. Rxc6 Qf5 20. Qd4 f6 21. Rxb6 Rfc8 22. Rb5 Rc2 23. Rxd5 Qe6 24. Ra5 Rac8 25. Ra7 Rd2 26. Qe3 Rxb2 27. f3 Ng5 28. Qxe6+ Nxe6 29. Re1 Nd4 30. a4 Nxe2+ 31. Kf2 Nd4+ 32. Ke3 Nc2+ 33. Kd2 Nxe1+ 34. Ke3 Rd8 35. b5 Rb3+ 36. Ke4 Nc2 37. h4 Rb4+ 38. Kf5 Rbd4 39. Kg6 R4d7 40. Rxd7 Rxd7 41. b6 Nb4 42. a5 Rd5 43. b7 Na6 44. f4 Rxa5 45. g4 Ra2 46. f5 Rb2 47. g5 Rxb7 48. gxh6 gxh6 49. h5 Rb8 50. Kxh6 Nc5 51. Kg6 Rb6 52. h6 Kh8 53. h7 Rc6 54. Kh6 Ne4 55. Kg6 Ng3 56. Kh6 Nxf5+ 57. Kg6 Ng3 58. Kh6 f5+ 59. Kg5 Kxh7 60. Kf4 Rc4+ 61. Kg5 Rc1 62. Kf4 Nf1 63. Kg5 Nd2 64. Kf4 Nb3 65. Kg5 Na5 66. Kh5 Rg1 67. Kh4 f4 68. Kh3 f3 69. Kh2 f2 70. Kh3 f1=Q+ 71. Kh4 Qf4+ 0-1


[Site "https://www.chess.com"]

[Event "Titled Tuesday Blitz April 12 Early 2022"]
[White "Jakubowska, Anna"]
[Black "Goryachkina, Aleksandra"]
[WhiteFideId "1121952"]
[BlackFideId "4147103"]
[WhiteElo "1924"]
[BlackElo "2426"]
[Result "0-1"]
[Round "06"]
[TimeControl "180+1"]
[Date "2022.04.13"]
[WhiteClock "0:00:12"]
[BlackClock "0:01:23"]

1. e4 e6 2. d4 d5 3. Nd2 Be7 4. c3 Nf6 5. Bd3 c5 6. dxc5 dxe4 7. Nxe4 Nxe4 8. Qa4+ Bd7 9. Qxe4 Bc6 10. Qe3 Bxg2 11. Be4 Bxh1 12. Bxh1 Nc6 13. Bd2 O-O 14. Ne2 Rc8 15. b4 Bf6 16. Rd1 Qe7 17. Be4 Rfd8 18. Nf4 g6 19. h4 Bxh4 20. Qh3 Bf6 21. Qg4 Ne5 22. Qg3 Nc4 23. Bd3 Nxd2 24. Kxd2 b6 25. Rh1 e5 26. Nh5 e4 27. Nxf6+ Qxf6 28. Kc2 Rxd3 0-1


[Site "https://www.chess.com"]

[Event "Titled Tuesday Blitz April 12 Early 2022"]
[White "Kadam, Om Manish"]
[Black "Samaganova, Aleksandra"]
[WhiteFideId "45076294"]
[BlackFideId "13800221"]
[WhiteElo "1729"]
[BlackElo "1859"]
[Result "1-0"]
[Round "06"]
[TimeControl "180+1"]
[Date "2022.04.13"]
[WhiteClock "0:00:18"]
[BlackClock "0:00:03"]

1. e4 c5 2. Nf3 e6 3. d4 cxd4 4. Nxd4 a6 5. c4 Qc7 6. Nc3 Nf6 7. Be2 Bb4 8. f3 O-O 9. O-O Bxc3 10. bxc3 d5 11. exd5 exd5 12. Bg5 Nbd7 13. Qd2 dxc4 14. Kh1 b5 15. a4 h6 16. Bf4 Qb7 17. axb5 axb5 18. Rxa8 Qxa8 19. Nxb5 Qc6 20. Nd4 Qc5 21. Qa2 Nb6 22. Rb1 Nbd5 23. Bd2 Bd7 24. Rb7 Rc8 25. Qb1 Be8 26. Rb8 Qc7 27. Rxc8 Qxc8 28. h3 Qc7 29. Qa2 Nb6 30. Qa6 Kh7 31. Nb5 Qc5 32. Nd4 g6 33. Qa7 Kg7 34. Ne6+ 1-0


[Site "https://www.chess.com"]

[Event "Titled Tuesday Blitz April 12 Early 2022"]
[White "Kalavannan, Koby"]
[Black "Sahil, Tickoo"]
[WhiteFideId "425753"]
[BlackFideId "5019710"]
[WhiteElo "1927"]
[BlackElo "2099"]
[Result "1/2-1/2"]
[Round "06"]
[TimeControl "180+1"]
[Date "2022.04.13"]
[WhiteClock "0:00:05"]
[BlackClock "0:00:41"]

1. d4 d5 2. Nf3 Nf6 3. c4 e6 4. g3 Bb4+ 5. Bd2 Bd6 6. Bg2 O-O 7. Qc2 c6 8. O-O Ne4 9. Rc1 Nxd2 10. Nbxd2 f5 11. a4 a5 12. Ne5 Nd7 13. Ndf3 Nf6 14. Qb3 Qe7 15. e3 Ne4 16. Bf1 g5 17. h4 g4 18. Ne1 Bxe5 19. dxe5 Qg7 20. Nd3 Qe7 21. Qc2 Bd7 22. Bg2 Rfc8 23. b3 h5 24. Nf4 Be8 25. Bxe4 dxe4 26. Rd1 Rd8 27. Qc3 b6 28. Kf1 Bf7 29. Ke2 Qc5 30. Rac1 Qb4 31. Qxb4 axb4 32. Rxd8+ Rxd8 33. Rd1 Rxd1 34. Kxd1 c5 35. Ne2 Kf8 36. Kc2 Ke7 37. Nf4 Kd7 38. Kb2 Kc6 39. Ng2 Kd7 40. Ne1 Kc6 41. Kc1 Kd7 42. Kd2 Kc6 43. Nc2 Kd7 44. Ke2 Kc6 45. Kf1 Kd7 46. Ne1 Kc6 47. Ng2 Kd7 48. Nf4 Kc6 49. Ke2 Kd7 50. Kd2 Kc6 51. Kc2 Kd7 52. Ng2 Kc6 53. Kb2 Kd7 54. Ne1 Kc6 55. Nc2 Kd7 56. Ne1 1/2-1/2


[Site "https://www.chess.com"]